[Event "Titled Tuesday Blitz November 01 Early 2022"]
[White "Narayanan, Srinath"]
[Black "Gu, Xiaobing"]
[WhiteFideId "5018420"]
[BlackFideId "8602611"]
[WhiteElo "2459"]
[BlackElo "2174"]
[Result "1-0"]
[Round "02"]
[TimeControl "180+1"]
[Date "2022.11.02"]
[WhiteClock "0:00:15"]
[BlackClock "0:00:18"]

1. d4 Nf6 2. Bf4 g6 3. e3 Bg7 4. Nd2 d6 5. h3 c5 6. c3 O-O 7. Ngf3 b6 8. Bh2 Ba6 9. Bxa6 Nxa6 10. O-O Nc7 11. e4 Qd7 12. Qe2 Rfe8 13. Rfd1 Qb5 14. Qxb5 Nxb5 15. a4 Nc7 16. e5 dxe5 17. Bxe5 Ncd5 18. dxc5 bxc5 19. Nc4 e6 20. a5 Nd7 21. Bg3 N7f6 22. Rd3 Ne4 23. Bh2 Rad8 24. Re1 Ndf6 25. Rxd8 Rxd8 26. Be5 h6 27. Kf1 Kf8 28. a6 Ng5 29. Nxg5 hxg5 30. Bd6+ Kg8 31. Bxc5 Rc8 32. b4 Nd7 33. Nd6 Rc6 34. Ne4 Rxa6 35. Rd1 Nxc5 36. Nxc5 Ra2 37. Ne4 f5 38. Nxg5 Bxc3 39. Rd8+ Kg7 40. Rd7+ Kf6 41. f4 Ra1+ 42. Ke2 Ra2+ 43. Kf3 e5 44. Rf7# 1-0


[Site "https://www.chess.com"]

[Event "Titled Tuesday Blitz November 01 Early 2022"]
[White "Nasuta, Grzegorz"]
[Black "Martinez Alcantara, Jose Eduardo"]
[WhiteFideId "1141686"]
[BlackFideId "3805662"]
[WhiteElo "2442"]
[BlackElo "2703"]
[Result "0-1"]
[Round "02"]
[TimeControl "180+1"]
[Date "2022.11.01"]
[WhiteClock "0:00:01"]
[BlackClock "0:00:08"]

1. e4 c5 2. Nf3 d6 3. Bb5+ Bd7 4. Bxd7+ Nxd7 5. O-O Ngf6 6. Qe2 e6 7. d4 cxd4 8. Nxd4 Be7 9. c4 O-O 10. Nc3 a6 11. b3 Re8 12. Bb2 Rc8 13. Rad1 Qa5 14. Kh1 Bf8 15. f4 Qh5 16. Qxh5 Nxh5 17. g3 Nhf6 18. Kg2 Nc5 19. Rfe1 Rc7 20. Kf3 h5 21. h3 Ncd7 22. Rd2 Rec8 23. Nde2 Be7 24. Red1 Nf8 25. Ba3 Ne8 26. Rd3 Ng6 27. g4 hxg4+ 28. hxg4 Rb8 29. Bb4 b6 30. Kg3 Bh4+ 31. Kf3 Be7 32. g5 Rbc8 33. Kg3 Rb7 34. Kg4 Rbc7 35. Rh3 f6 36. gxf6 Nxf6+ 37. Kf3 Ne8 38. Rg1 Kf7 39. Ke3 Nf8 40. Rhg3 Bf6 41. f5 b5 42. fxe6+ Nxe6 43. Nd5 Rb7 44. cxb5 Rxb5 45. Nec3 Rxb4 46. Nxb4 Rxc3+ 47. Kd2 Rc8 48. Nd5 Be5 49. Rf3+ Nf6 50. Nxf6 gxf6 51. Kd1 Nc5 0-1


[Site "https://www.chess.com"]

[Event "Titled Tuesday Blitz November 01 Early 2022"]
[White "Nozdrachev, Leonid"]
[Black "Ardila, Oscar Humberto"]
[WhiteFideId "24113433"]
[BlackFideId "4404742"]
[WhiteElo "2249"]
[BlackElo "1898"]
[Result "1-0"]
[Round "02"]
[TimeControl "180+1"]
[Date "2022.11.02"]
[WhiteClock "0:00:17"]
[BlackClock "0:00:09"]

1. e4 e5 2. Nf3 Nf6 3. Nxe5 d6 4. Nf3 Nxe4 5. Nc3 Nxc3 6. dxc3 Be7 7. Bd3 O-O 8. Be3 Nd7 9. Qd2 Nf6 10. h3 c5 11. c4 b5 12. Rd1 Bb7 13. Qe2 bxc4 14. Bxc4 d5 15. O-O Qc7 16. Bd3 Rfe8 17. Bb5 Rf8 18. Bf4 Bd6 19. Bxd6 Qxd6 20. Qe5 Rad8 21. Rfe1 a6 22. Ba4 d4 23. Qxd6 Rxd6 24. Ne5 g6 25. Bb3 Kg7 26. Nc4 Rdd8 27. Re7 Bd5 28. Rde1 Bxc4 29. Bxc4 Rd6 30. R1e5 Nd7 31. Re2 Kf6 32. f4 Nb6 33. b3 Nxc4 34. bxc4 Rfd8 35. Rc7 R8d7 36. Rxc5 d3 37. cxd3 Rxd3 38. Rc6+ R7d6 39. Rxd6+ Rxd6 40. c5 Rd1+ 41. Kf2 Rc1 42. Rb2 a5 43. Rb6+ Kf5 44. Rb5 Kxf4 45. Rxa5 Rc2+ 46. Kg1 f5 47. Ra4+ Ke5 48. Ra7 h5 49. Re7+ Kf6 50. Rc7 Rxa2 51. h4 g5 52. Rc6+ Kg7 53. hxg5 f4 54. Rf6 Rc2 55. c6 h4 56. Kh2 f3 57. Rxf3 Rxc6 58. Kh3 Kg6 59. Rf6+ Rxf6 60. gxf6 Kxf6 61. Kxh4 Kg6 62. Kg4 Kh6 63. Kf5 Kh7 64. Kf6 Kh6 65. g4 Kh7 66. g5 Kh8 67. Kf7 Kh7 68. g6+ Kh6 69. g7 1-0


[Site "https://www.chess.com"]

[Event "Titled Tuesday Blitz November 01 Early 2022"]
[White "Omariev, Maksim"]
[Black "Shuvalova, Polina"]
[WhiteFideId "4193423"]
[BlackFideId "24171760"]
[WhiteElo "2406"]
[BlackElo "2392"]
[Result "0-1"]
[Round "02"]
[TimeControl "180+1"]
[Date "2022.11.02"]
[WhiteClock "0:00:58"]
[BlackClock "0:02:16"]

1. g4 d5 2. Bg2 Nc6 3. h3 e5 4. c3 h5 5. gxh5 Be6 6. d4 e4 7. Bf4 Bd6 8. Bxd6 Qxd6 9. e3 Nf6 10. Nd2 O-O-O 11. Ne2 Nxh5 12. c4 Nb4 13. Nc1 f5 14. Qa4 dxc4 15. Qxa7 Nc2+ 16. Kd1 Nxa1 17. Qa6 Qxa6 18. Nxe4 fxe4 19. Bxe4 Rhf8 20. f4 Bd5 21. Rg1 Bxe4 22. Rxg7 Nxg7 0-1


[Site "https://www.chess.com"]

[Event "Titled Tuesday Blitz November 01 Early 2022"]
[White "Oparin, Grigoriy"]
[Black "Chernobay, Artem"]
[WhiteFideId "24125890"]
[BlackFideId "4167406"]
[WhiteElo "2639"]
[BlackElo "2473"]
[Result "1-0"]
[Round "02"]
[TimeControl "180+1"]
[Date "2022.11.01"]
[WhiteClock "0:00:18"]
[BlackClock "0:00:01"]

1. Nf3 Nf6 2. g3 d5 3. Bg2 c6 4. c4 dxc4 5. Qc2 e6 6. Qxc4 b5 7. Qc2 Bb7 8. O-O c5 9. a4 b4 10. d3 Be7 11. Nbd2 O-O 12. Nc4 Nbd7 13. a5 Rc8 14. b3 Nd5 15. Bb2 N7f6 16. e4 Nc7 17. Rfd1 Nb5 18. a6 Ba8 19. Na5 Qb6 20. Nc4 Qc6 21. Nfe5 Qc7 22. f4 Rfd8 23. Qf2 Nd4 24. Bxd4 Rxd4 25. g4 Rcd8 26. g5 Nxe4 27. Qe3 Nc3 28. Rf1 Bxg2 29. Kxg2 Nd5 30. Qg3 Bf8 31. Rf3 Ne7 32. Qf2 Nf5 33. h4 f6 34. gxf6 gxf6 35. Ng4 Kh8 36. Kh3 Rxd3 37. Qe2 Rxf3+ 38. Qxf3 Rd4 39. Rf1 Qd8 40. Qb7 Rd3+ 41. Rf3 Rxf3+ 42. Qxf3 Qd4 43. h5 Qg1 44. Nxf6 Kg7 45. Ne4 Kh6 46. Ne5 Be7 47. Nc6 Bf8 48. Ne5 1-0


[Site "https://www.chess.com"]

[Event "Titled Tuesday Blitz November 01 Early 2022"]
[White "Osinovsky, Stepan"]
[Black "Bagwe Gaurang"]
[WhiteFideId "4157354"]
[BlackFideId "45039895"]
[WhiteElo "2222"]
[BlackElo "1931"]
[Result "1-0"]
[Round "02"]
[TimeControl "180+1"]
[Date "2022.11.02"]
[WhiteClock "0:00:18"]
[BlackClock "0:00:11"]

1. Nf3 c5 2. g3 Nc6 3. Bg2 g6 4. O-O Bg7 5. Re1 d5 6. d3 Nf6 7. Nbd2 O-O 8. e4 Qc7 9. exd5 Nxd5 10. Nc4 b5 11. Ne3 Nb6 12. c3 Ba6 13. Ng4 Rad8 14. Bf4 Qd7 15. Nfe5 Nxe5 16. Nxe5 Bxe5 17. Rxe5 Nc4 18. Rxc5 Nxb2 19. Qb3 Nxd3 20. Rc7 Qf5 21. Be3 Rd6 22. Rxa7 Rfd8 23. h3 Bc8 24. Rxe7 Be6 25. Qa3 Ne5 26. Bd4 Nf3+ 27. Bxf3 Qxf3 28. Qxd6 Qa8 29. Qe5 Rxd4 30. cxd4 Qf3 31. Re8# 1-0


[Site "https://www.chess.com"]

[Event "Titled Tuesday Blitz November 01 Early 2022"]
[White "Ovchinnikov, Vsevolod"]
[Black "Izuzquiza Gonzalez, Javier"]
[WhiteFideId "24176842"]
[BlackFideId "3101029"]
[WhiteElo "2376"]
[BlackElo "2034"]
[Result "1-0"]
[Round "02"]
[TimeControl "180+1"]
[Date "2022.11.02"]
[WhiteClock "0:02:34"]
[BlackClock "0:02:24"]

1. d4 Nf6 2. c4 g6 3. Nc3 d5 4. Nf3 Bg7 5. h4 c6 6. Bg5 dxc4 7. e4 Bg4 8. Bxc4 Qa5 9. e5 Ne4 10. Qb3 O-O 11. Bxe7 Re8 12. Bb4 1-0


[Site "https://www.chess.com"]

[Event "Titled Tuesday Blitz November 01 Early 2022"]
[White "Ozdemir, Serhan Berat"]
[Black "Bryakin, Mikhail"]
[WhiteFideId "6374611"]
[BlackFideId "4165314"]
[WhiteElo "2016"]
[BlackElo "2367"]
[Result "0-1"]
[Round "02"]
[TimeControl "180+1"]
[Date "2022.11.02"]
[WhiteClock "0:00:03"]
[BlackClock "0:01:55"]

1. e4 c5 2. Nf3 d6 3. d4 cxd4 4. Nxd4 Nf6 5. Nc3 Nc6 6. Bg5 e6 7. Qd2 Be7 8. O-O-O a6 9. Nxc6 bxc6 10. f4 d5 11. Bd3 h6 12. Bh4 Qa5 13. e5 Nd7 14. Bxe7 Kxe7 15. Kb1 Rb8 16. Rhe1 Qb4 17. b3 a5 18. f5 Nc5 19. f6+ gxf6 20. exf6+ Kf8 21. Rf1 a4 22. Rf4 Qa5 23. Nxa4 Qxd2 24. Rxd2 e5 25. Rh4 Nd7 26. Bf5 Nxf6 27. Bxc8 Rxc8 28. Nc5 Ke7 29. a4 Nd7 30. Nxd7 Kxd7 31. Rf2 Ke6 32. Rh5 f6 33. Rhf5 Rhf8 34. g4 Rf7 35. h3 Rg8 36. Kb2 Rg5 37. a5 Rxf5 38. gxf5+ Kd6 39. Rg2 e4 40. Kc3 Ke5 41. Rf2 c5 42. b4 d4+ 43. Kc4 e3 44. Rf1 cxb4 45. Kxb4 Rc7 46. a6 Rxc2 47. Ra1 Rc8 48. a7 Ra8 49. Kc4 Ke4 50. Ra6 Kxf5 51. Kd3 e2 52. Kxe2 Ke4 53. Kd2 f5 54. Re6+ Kd5 55. Ra6 Ke4 56. Re6+ Kd5 57. Ra6 Kc4 58. Kc2 f4 59. Kd2 f3 60. Rxh6 Rxa7 61. Rc6+ Kd5 62. Rf6 Ra2+ 63. Kd3 Ra3+ 64. Kd2 Ke5 65. Rf8 Ke4 66. Re8+ Kf4 67. Rg8 Ra1 68. Rg4+ Kf5 69. Rxd4 f2 70. Rd8 f1=Q 0-1


[Site "https://www.chess.com"]

[Event "Titled Tuesday Blitz November 01 Early 2022"]
[White "Ozen, Bahadir"]
[Black "Gurevich, Dmitry"]
[WhiteFideId "6337058"]
[BlackFideId "2000407"]
[WhiteElo "2503"]
[BlackElo "2506"]
[Result "0-1"]
[Round "02"]
[TimeControl "180+1"]
[Date "2022.11.02"]
[WhiteClock "0:00:32"]
[BlackClock "0:00:13"]

1. g3 d5 2. Bg2 c6 3. Nf3 Nf6 4. O-O Bf5 5. d3 h6 6. c4 dxc4 7. Ne5 e6 8. Nxc4 Be7 9. Qb3 Qd7 10. Bf4 Na6 11. Ne5 Qc8 12. e4 Bh7 13. Nc3 Nc5 14. Qc2 O-O 15. Rad1 Nfd7 16. Nc4 Nb6 17. Na5 Ncd7 18. a3 Rd8 19. Rfe1 Bg5 20. Bxg5 hxg5 21. Qc1 g4 22. Qg5 Nf6 23. e5 Nfd5 24. Ne4 Bxe4 25. Bxe4 Qc7 26. Qxg4 Nd7 27. b4 Nxe5 28. Qg5 Nd7 29. Bg2 N7f6 30. Rc1 Qb6 31. Nc4 Qd4 32. Na5 Rab8 33. Qd2 Nb6 34. Red1 Rd7 35. Nb3 Qd6 36. Nc5 Rdd8 37. Qg5 Nbd7 38. Ne4 Qe5 39. Qe3 Nxe4 40. dxe4 Nb6 41. Rd2 Rxd2 42. Qxd2 Qf6 43. Rd1 g5 44. Qd4 Qxd4 45. Rxd4 Kf8 46. f4 gxf4 47. gxf4 Ke7 48. Kf2 Rh8 49. h3 Nd7 50. e5 Nb6 51. Rd3 Nd5 52. Bxd5 cxd5 53. Rc3 Kd7 54. b5 Rh4 55. Kg3 Rh8 56. h4 Rg8+ 57. Kf2 Rg4 58. Rh3 Rxf4+ 59. Kg3 Rc4 60. h5 Rc3+ 61. Kg4 Rxh3 62. Kxh3 Ke7 63. Kg4 Kf8 64. Kg5 Kg7 65. a4 b6 66. Kg4 Kh6 67. Kh4 d4 68. Kg4 d3 69. Kf3 Kxh5 70. Ke3 Kg5 71. Kxd3 Kf5 72. Kd4 Kf4 73. a5 Kf5 74. axb6 axb6 0-1


[Site "https://www.chess.com"]

[Event "Titled Tuesday Blitz November 01 Early 2022"]
[White "Pakleza, Zbigniew"]
[Black "Schut, Han"]
[WhiteFideId "1119290"]
[BlackFideId "1005561"]
[WhiteElo "2411"]
[BlackElo "2024"]
[Result "1-0"]
[Round "02"]
[TimeControl "180+1"]
[Date "2022.11.02"]
[WhiteClock "0:01:04"]
[BlackClock "0:00:06"]

1. d4 Nf6 2. Nf3 g6 3. Bf4 Bg7 4. e3 d6 5. h3 O-O 6. Be2 b6 7. O-O Bb7 8. c3 Nbd7 9. a4 Re8 10. a5 e5 11. Bh2 e4 12. Nfd2 d5 13. a6 Bc8 14. c4 c6 15. Nc3 Nf8 16. cxd5 cxd5 17. Nb5 Ne6 18. Qb3 Bd7 19. Nd6 Rf8 20. Nb7 Qe8 21. Bd6 Bc6 22. Rfc1 Qd7 23. Bxf8 Bxf8 24. Qc3 Rc8 25. Bb5 Bxb7 26. Bxd7 Rxc3 27. Rxc3 Nxd7 28. axb7 a5 29. Rc8 Kg7 30. b8=Q Nxb8 31. Rxb8 Bd6 32. Rxb6 Bc7 33. Rxe6 fxe6 34. Nb3 Kf6 35. Nxa5 e5 36. Nb3 exd4 37. Nxd4 Be5 38. Ra6+ Kg5 39. f4+ exf3 40. Nxf3+ Kf5 41. g4+ Ke4 42. Nxe5 Kxe5 43. b4 Ke4 44. b5 Kxe3 45. b6 Kf3 46. b7 d4 47. b8=Q d3 48. Ra3 Ke2 49. Qe5+ Kd2 50. Kf2 g5 51. Qb2+ Kd1 52. Ra1# 1-0


[Site "https://www.chess.com"]

[Event "Titled Tuesday Blitz November 01 Early 2022"]
[White "Papasimakopoulos, Alexandros"]
[Black "Besedes, Danilo"]
[WhiteFideId "4244125"]
[BlackFideId "946796"]
[WhiteElo "2357"]
[BlackElo "2352"]
[Result "1/2-1/2"]
[Round "02"]
[TimeControl "180+1"]
[Date "2022.11.02"]
[WhiteClock "0:00:04"]
[BlackClock "0:00:05"]

1. d4 d6 2. c4 e5 3. Nf3 Nc6 4. d5 Nce7 5. e4 Nf6 6. Bd3 Ng6 7. O-O Be7 8. Nc3 O-O 9. Re1 a5 10. a3 Bg4 11. h3 Bd7 12. Be3 c5 13. dxc6 bxc6 14. b4 axb4 15. axb4 Rb8 16. b5 cxb5 17. cxb5 Be6 18. Ng5 Bd7 19. Ra7 h6 20. Nf3 Be6 21. Qd2 Nd7 22. Rea1 Nb6 23. Bf1 Nc4 24. Bxc4 Bxc4 25. b6 Nf4 26. Rc7 Be6 27. Raa7 Re8 28. Bxf4 exf4 29. Nd4 Rxb6 30. Nc6 Rxc6 31. Rxc6 Qb8 32. Rcc7 Bg5 33. Rcb7 Qc8 34. Rc7 Qb8 35. f3 Qb6+ 36. Kh1 Qb4 37. Rcb7 Qc5 38. Nd5 Rc8 39. Ne7+ Bxe7 40. Rxe7 Qe5 41. Rec7 Rb8 42. Rcb7 Rc8 43. Rb6 d5 44. Ra5 Qc7 45. Rb4 dxe4 46. Rxe4 g5 47. Re1 Kg7 48. Qd4+ Kg8 49. Qf6 Qxa5 50. Rxe6 fxe6 51. Qg6+ Kf8 52. Qf6+ Kg8 53. Qxe6+ Kg7 54. Qd7+ Kg6 55. Qe6+ Kg7 56. Qd7+ Kg6 57. Qxc8 Qe1+ 58. Kh2 Qe7 59. Qc6+ Kg7 60. Qd5 Qf6 61. Qd7+ Kg6 62. Qg4 h5 63. Qc8 Kh6 64. Qg8 Qg6 65. Qh8+ Qh7 66. Qb8 Qg6 67. h4 Qf6 68. hxg5+ Qxg5 69. Qh8+ Kg6 70. Kg1 Qf5 71. Qg8+ Kh6 72. Qh8+ Kg5 73. Qg7+ Kh4 74. Kh2 Qg5 75. Qd7 Qg3+ 76. Kg1 Qe1+ 77. Kh2 Qg3+ 78. Kg1 Qe1+ 79. Kh2 Qg3+ 1/2-1/2


[Site "https://www.chess.com"]

[Event "Titled Tuesday Blitz November 01 Early 2022"]
[White "Pappelis, Dimitrios"]
[Black "Reprintsev, Alexander"]
[WhiteFideId "4215281"]
[BlackFideId "14100541"]
[WhiteElo "2104"]
[BlackElo "2230"]
[Result "1/2-1/2"]
[Round "02"]
[TimeControl "180+1"]
[Date "2022.11.02"]
[WhiteClock "0:00:06"]
[BlackClock "0:00:11"]

1. d4 d5 2. c4 e5 3. dxe5 d4 4. Nf3 Nc6 5. a3 g6 6. e3 Bg4 7. Be2 Bxf3 8. Bxf3 Nge7 9. O-O Bg7 10. exd4 Qxd4 11. Nc3 Qxc4 12. Bg5 O-O 13. Rc1 Rad8 14. Nd5 Rxd5 15. Rxc4 Rxd1 16. Rxd1 Nxe5 17. Rxc7 Nxf3+ 18. gxf3 Nc6 19. Rxb7 h6 20. Be3 a5 21. b4 axb4 22. axb4 Ne5 23. Kg2 Nc4 24. b5 Re8 25. Rc1 Nd6 26. Rd7 Nxb5 27. Rb1 Re5 28. Rbd1 Nc3 29. Rc1 Rf5 30. Ra1 g5 31. Ra8+ Kh7 32. Raa7 Kg6 33. Ra6+ Kh7 34. Raa7 Kg6 35. Bd4 Bxd4 36. Rxd4 Nd5 37. Ra6+ f6 38. Rda4 Nf4+ 39. Kg3 Rb5 40. h4 Rb1 41. hxg5 hxg5 42. Rxf4 gxf4+ 43. Kxf4 Rb4+ 44. Kg3 Kg5 45. Ra8 Rb1 46. Rg8+ Kf5 47. Ra8 Rg1+ 48. Kh2 Rg6 49. Ra4 Ke5 50. Kh3 f5 51. Ra5+ Kf4 52. Ra3 Rg1 53. Kh2 Rg8 54. Kh1 Rg7 55. Kh2 Rg6 56. Kh1 Rg5 57. Kh2 Rg6 58. Kh1 Rg5 59. Kh2 Rg6 1/2-1/2


[Site "https://www.chess.com"]

[Event "Titled Tuesday Blitz November 01 Early 2022"]
[White "Parkhov, Yair"]
[Black "Sarkar, Justin"]
[WhiteFideId "2813408"]
[BlackFideId "2010011"]
[WhiteElo "2384"]
[BlackElo "2250"]
[Result "1-0"]
[Round "02"]
[TimeControl "180+1"]
[Date "2022.11.02"]
[WhiteClock "0:00:40"]
[BlackClock "0:00:02"]

1. e4 e5 2. Nf3 Nc6 3. Bb5 a6 4. Ba4 Nf6 5. Nc3 b5 6. Bb3 Bc5 7. O-O d6 8. h3 O-O 9. a4 Rb8 10. axb5 axb5 11. Nd5 Nd4 12. Nxd4 Bxd4 13. c3 Nxd5 14. Bxd5 Bb6 15. d4 Bb7 16. Bxb7 Rxb7 17. dxe5 dxe5 18. Qe2 Qe7 19. Rd1 Rd8 20. Rxd8+ Qxd8 21. Bg5 f6 22. Be3 c6 23. Rd1 Qc7 24. Qh5 g6 25. Qg4 Bxe3 26. Qe6+ Qf7 27. Qc8+ Kg7 28. fxe3 Rc7 29. Qd8 Qe7 30. Qxe7+ Rxe7 31. Rd6 Rc7 32. Kf2 Kf7 33. Ke2 Ke7 34. Rd1 Ra7 35. g4 Ra2 36. Rb1 c5 37. Kd3 Kd6 38. Kc2 Ra4 39. Kd3 Ra2 40. h4 h6 41. Kc2 Ke6 42. Rd1 Ra4 43. Kd3 Ra2 44. Kc2 Ra4 45. Rd5 Rxe4 46. Rxc5 Rxg4 47. Rxb5 Rxh4 48. b4 Rh2+ 49. Kd3 h5 50. Rb8 h4 51. b5 Rb2 52. c4 h3 53. Rh8 1-0


[Site "https://www.chess.com"]

[Event "Titled Tuesday Blitz November 01 Early 2022"]
[White "Perez Rodriguez, Jennifer"]
[Black "Atabayev, Yusup"]
[WhiteFideId "3507831"]
[BlackFideId "14001128"]
[WhiteElo "2170"]
[BlackElo "2454"]
[Result "0-1"]
[Round "02"]
[TimeControl "180+1"]
[Date "2022.11.02"]
[WhiteClock "0:00:25"]
[BlackClock "0:00:35"]

1. e4 c5 2. c3 d5 3. exd5 Qxd5 4. d4 Nc6 5. Nf3 e5 6. dxe5 Qxd1+ 7. Kxd1 Bg4 8. Be2 O-O-O+ 9. Nbd2 Bxf3 10. Bxf3 Nxe5 11. Kc2 Nf6 12. Be2 Bd6 13. Nc4 Rhe8 14. Nxd6+ Rxd6 15. Bf4 h6 16. Rhe1 Rde6 17. Bb5 R8e7 18. Rad1 a6 19. Bf1 g5 20. Bxe5 Rxe5 21. Rxe5 Rxe5 22. h3 Kc7 23. b4 Ne4 24. Re1 Kd6 25. f3 Ng3 26. Rd1+ Kc7 27. Bc4 f5 28. Rd2 b5 29. Rd5 Re1 30. Rxc5+ Kd6 31. Bd3 f4 32. a4 Rg1 33. axb5 Rxg2+ 34. Kb3 axb5 35. Rxb5 Rf2 36. Rb6+ Ke5 37. Rxh6 Rxf3 38. Kc4 Rf2 39. Rg6 Ne4 40. Bxe4 Kxe4 41. Rxg5 f3 42. Rg7 Rh2 43. Re7+ Kf4 44. Rf7+ Ke3 45. b5 Rxh3 46. Kb4 Rh4+ 47. c4 Rf4 48. Re7+ Kd2 49. Rd7+ Kc2 50. b6 f2 0-1


[Site "https://www.chess.com"]

[Event "Titled Tuesday Blitz November 01 Early 2022"]
[White "Pinheiro, Iung Alicio de O."]
[Black "Grandelius, Nils"]
[WhiteFideId "2104350"]
[BlackFideId "1710400"]
[WhiteElo "2283"]
[BlackElo "2617"]
[Result "0-1"]
[Round "02"]
[TimeControl "180+1"]
[Date "2022.11.01"]
[WhiteClock "0:00:05"]
[BlackClock "0:00:17"]

1. e4 c5 2. Nf3 e6 3. d3 Nc6 4. g3 d6 5. Bg2 Be7 6. O-O Nf6 7. Re1 O-O 8. c3 Ne5 9. Ng5 c4 10. dxc4 Nxc4 11. Qe2 Qc7 12. b3 Ne5 13. c4 h6 14. Nh3 Bd7 15. Nc3 a6 16. a4 Qb6 17. Rb1 Rac8 18. Be3 Qa5 19. Bd2 Qc7 20. Nf4 Rfe8 21. h3 Qb8 22. a5 Bd8 23. Ra1 Nc6 24. Nd1 e5 25. Nd5 Nxd5 26. exd5 Nd4 27. Qd3 Bf6 28. Rb1 Bf5 29. Be4 Bxh3 30. Be3 Qc7 31. Bxd4 exd4 32. Bh7+ Kh8 33. Nb2 Qxa5 34. Rxe8+ Rxe8 35. Bf5 Bxf5 36. Qxf5 Qd2 37. Nd3 b6 38. Kg2 a5 39. Qf3 Qc3 40. Qf5 Kg8 41. Qf3 Qc2 42. Qd1 Qxd1 43. Rxd1 Re2 44. Kf3 Rc2 45. Rb1 Rc3 46. Ke2 Kf8 47. Kd2 Bg5+ 48. f4 Bd8 49. Rb2 Ke7 50. Rb1 Kd7 51. Rb2 Bf6 52. Rb1 Kc7 53. Rb2 b5 54. Rb1 bxc4 55. bxc4 Rxc4 56. Rb5 Ra4 57. Rb1 Ra2+ 58. Kd1 Bd8 59. Rc1+ Kd7 60. Rc6 Rg2 61. Ke1 Rxg3 62. Nf2 Re3+ 63. Kd2 Rc3 64. Ra6 Rc5 65. Ra7+ Bc7 66. Nd3 Rxd5 67. Ke2 h5 68. Kf3 Kc6 69. Ke4 f5+ 70. Kf3 Rb5 71. Ra8 Rb8 72. Ra6+ Kb5 73. Ra7 Kb6 0-1


[Site "https://www.chess.com"]

[Event "Titled Tuesday Blitz November 01 Early 2022"]
[White "Postnikov, Daniil"]
[Black "Alahakoon, Isuru"]
[WhiteFideId "4166329"]
[BlackFideId "9900993"]
[WhiteElo "2261"]
[BlackElo "2062"]
[Result "1-0"]
[Round "02"]
[TimeControl "180+1"]
[Date "2022.11.02"]
[WhiteClock "0:00:13"]
[BlackClock "0:00:03"]

1. d4 d5 2. c4 e6 3. Nf3 Nf6 4. g3 Bb4+ 5. Bd2 Bd6 6. Bg2 c6 7. Qc2 O-O 8. O-O Nbd7 9. Rd1 Ne4 10. Nc3 f5 11. Bf4 Bxf4 12. gxf4 Rf6 13. e3 Rg6 14. Ne2 Ndf6 15. Ne5 Rh6 16. f3 Nd6 17. b3 Qe8 18. a4 Qh5 19. h3 g5 20. fxg5 Qxg5 21. Kh2 Nf7 22. Qc3 Nxe5 23. dxe5 Nh5 24. Rg1 Kh8 25. f4 Qh4 26. Qe1 Qe7 27. Qf2 Bd7 28. Nd4 Rg8 29. Bf3 Ng7 30. cxd5 cxd5 31. Rac1 Be8 32. Rc8 Bh5 33. Rxg8+ Kxg8 34. Bxh5 Rxh5 35. Qg3 Rh6 36. Qg5 Qxg5 37. Rxg5 Kf7 38. Rg1 Rg6 39. Rc1 Ne8 40. Rc8 Ke7 41. Rb8 b6 42. Rb7+ Kf8 43. Rxa7 Rg7 44. Rxg7 Nxg7 45. b4 Ke7 46. a5 bxa5 47. bxa5 Kd7 48. Kg3 Kc7 49. Kh4 h6 50. Nb5+ Kc6 51. Nd6 Kc7 52. Nf7 1-0


[Site "https://www.chess.com"]

[Event "Titled Tuesday Blitz November 01 Early 2022"]
[White "Predke, Alexandr"]
[Black "Arabidze, Meri"]
[WhiteFideId "24107581"]
[BlackFideId "13604040"]
[WhiteElo "2614"]
[BlackElo "2403"]
[Result "0-1"]
[Round "02"]
[TimeControl "180+1"]
[Date "2022.11.01"]
[WhiteClock "0:00:02"]
[BlackClock "0:00:18"]

1. Nf3 c5 2. c4 Nc6 3. d4 cxd4 4. Nxd4 d6 5. Nc3 Nf6 6. e4 g6 7. Be2 Bg7 8. Be3 O-O 9. f3 Bd7 10. Qd2 Nxd4 11. Bxd4 a5 12. b3 Bc6 13. O-O Nd7 14. Bxg7 Kxg7 15. f4 Qb6+ 16. Kh1 a4 17. bxa4 Qc5 18. Rab1 Nb6 19. Nd5 Nxa4 20. Nxe7 Bxe4 21. f5 f6 22. fxg6 Bxb1 23. Rxb1 hxg6 24. Bd3 Qg5 25. Qf2 Nc5 26. Bxg6 f5 27. Qe2 Ne4 28. Bxf5 Rxf5 29. Qxe4 Re5 30. Qxb7 Qxe7 31. Qb2 Rb8 0-1


[Site "https://www.chess.com"]

[Event "Titled Tuesday Blitz November 01 Early 2022"]
[White "Pultinevicius, Paulius"]
[Black "Gubajdullin, Alexei"]
[WhiteFideId "12809390"]
[BlackFideId "4141202"]
[WhiteElo "2863"]
[BlackElo "2596"]
[Result "0-1"]
[Round "02"]
[TimeControl "180+1"]
[Date "2022.11.02"]
[WhiteClock "0:00:02"]
[BlackClock "0:00:08"]

1. d4 g6 2. c4 Bg7 3. e4 d6 4. Nc3 Nf6 5. Nf3 O-O 6. Be2 Na6 7. O-O e5 8. Be3 c6 9. Re1 Qe7 10. Bf1 Bg4 11. d5 c5 12. a3 Kh8 13. h3 Bd7 14. g4 Ng8 15. Bg2 Bh6 16. Bxh6 Nxh6 17. Qd2 Kg7 18. Ne2 f5 19. exf5 gxf5 20. g5 Nf7 21. Ng3 Kh8 22. h4 Rg8 23. b4 h6 24. Qc2 hxg5 25. Nxf5 Qf6 26. Nxd6 Qxd6 27. h5 Bg4 28. Nd2 Bxh5 29. Ne4 Qg6 30. Qc3 b6 31. Ng3 Bg4 32. Be4 Qh6 33. f3 Bd7 34. Ne2 g4 35. f4 g3 36. Bg2 Qh2+ 37. Kf1 Bh3 38. Qf3 Qh1+ 39. Ng1 Bxg2+ 40. Qxg2 Qxg2+ 41. Kxg2 exf4 42. Re7 Ng5 43. Nf3 Nxf3 44. Kxf3 g2 45. Rg1 Rg3+ 46. Kxf4 Rag8 47. b5 Nb8 48. Rxa7 Rh3 49. d6 Rh1 50. Rxg2 Rxg2 51. Ke5 Rg8 52. Rc7 Rh7 53. Kd5 Rd8 54. Ke6 Re8+ 55. Kd5 Rh5# 0-1


[Site "https://www.chess.com"]

[Event "Titled Tuesday Blitz November 01 Early 2022"]
[White "Rakhimgaliyev, Yerlan"]
[Black "Levine, David"]
[WhiteFideId "13705148"]
[BlackFideId "2011611"]
[WhiteElo "2261"]
[BlackElo "2210"]
[Result "0-1"]
[Round "02"]
[TimeControl "180+1"]
[Date "2022.11.02"]
[WhiteClock "0:01:40"]
[BlackClock "0:00:50"]

1. e4 e5 2. Nf3 Nc6 3. Bb5 a6 4. Ba4 Nf6 5. O-O Be7 6. d3 d6 7. Nc3 O-O 8. h3 Bd7 9. Bg5 h6 10. Bh4 Re8 11. Nd5 Nxd5 12. exd5 Bxh4 13. dxc6 bxc6 14. d4 e4 15. Nd2 d5 16. c4 Bf6 17. Nb3 dxc4 18. Na5 Re6 19. Nxc4 Be8 20. Qc2 Bxd4 21. Rad1 c5 22. Na5 e3 23. fxe3 Rxe3 24. Kh1 Qh4 25. Nc6 Bxc6 26. Bxc6 Rb8 27. Qc4 Rxh3+ 0-1


[Site "https://www.chess.com"]

[Event "Titled Tuesday Blitz November 01 Early 2022"]
[White "Rakhmanov, Aleksandr"]
[Black "Demin, Vladimir"]
[WhiteFideId "4173708"]
[BlackFideId "4167457"]
[WhiteElo "2530"]
[BlackElo "2569"]
[Result "1-0"]
[Round "02"]
[TimeControl "180+1"]
[Date "2022.11.02"]
[WhiteClock "0:00:15"]
[BlackClock "0:00:43"]

1. d4 Nf6 2. c4 e5 3. dxe5 Ng4 4. e3 Nxe5 5. f4 Ng6 6. Nf3 Nc6 7. Bd3 Bc5 8. Nc3 d6 9. Ne4 Bb6 10. a3 a5 11. Qc2 Bg4 12. Bd2 Bxf3 13. gxf3 Qh4+ 14. Ng3 O-O 15. O-O-O Rfe8 16. Nf5 Qh3 17. Rhg1 Qxh2 18. Kb1 f6 19. Nxg7 Kxg7 20. Bxg6 Rh8 21. Bh5+ Kf8 22. Qf5 Ke7 23. Rg7+ Kd8 24. Qd7# 1-0


[Site "https://www.chess.com"]

[Event "Titled Tuesday Blitz November 01 Early 2022"]
[White "Rangel, Daniel"]
[Black "Salgado Lopez, Ivan"]
[WhiteFideId "2124475"]
[BlackFideId "2257327"]
[WhiteElo "2225"]
[BlackElo "2594"]
[Result "0-1"]
[Round "02"]
[TimeControl "180+1"]
[Date "2022.11.02"]
[WhiteClock "0:00:06"]
[BlackClock "0:00:34"]

1. c4 g6 2. g3 Bg7 3. Bg2 Nf6 4. e3 O-O 5. Ne2 d6 6. O-O e5 7. b3 Re8 8. Bb2 h5 9. d4 e4 10. h4 Bf5 11. d5 Nbd7 12. Nf4 Ne5 13. Na3 Nfg4 14. Rb1 g5 15. Nxh5 gxh4 16. Nxg7 Kxg7 17. Bxe4 Bd7 18. f4 Nxe3 19. fxe5 Nxd1 20. e6+ f6 21. Bxf6+ Qxf6 22. Rxf6 Kxf6 23. Rxd1 Rg8 24. exd7 Rxg3+ 25. Kf2 Rf8 26. Rd3 Ke7+ 27. Rf3 Rgxf3+ 28. Bxf3 h3 29. Kg3 h2 30. Bh1 Kxd7 31. Nb5 a6 32. Nd4 Rf1 33. Kxh2 Ra1 34. Be4 Rxa2+ 35. Kg3 Rd2 36. Bf5+ Ke7 37. Ne6 Rb2 38. Nxc7 Rxb3+ 39. Kf4 a5 40. Nb5 a4 41. Bc2 Rb4 0-1


[Site "https://www.chess.com"]